 Dungeon Crawl Stone Soup version 0.31-a0-204-g7da18cac08 (webtiles) character file.

Game seed: 5700239526737260801

583 qw the Skirmisher (level 7, -3/40 HPs)
             Began as a Deep Elf Hunter on June 27, 2023.
             Killed by divine providence
             ... invoked by an orc priest
              (12 damage)
             ... on level 5 of the Dungeon.
             The game lasted 00:01:09 (3475 turns).

qw the Skirmisher (Deep Elf Hunter)                 Turns: 3475, Time: 00:01:09

Health: -3/40      AC: 10    Str:  8    XL:     7   Next: 14%
Magic:  9/9        EV:  7    Int: 20    God:
Gold:   151        SH:  0    Dex: 18    Spells: 6/6 levels left

rFire   . . .        Y - +0 shortbow
rCold   + . .        (shield currently unavailable)
rNeg    . . .        f - +0 ice dragon scales
rPois   .            (no helmet)
rElec   .            l - +0 cloak
rCorr   .            (no gloves)
SInv    +            (no boots)
Will    .....        e - amulet of faith
Stlth   +            i - +4 ring of slaying {mikee}
HPRegen 0.26/turn    o - ring "Nakhuuf" {Fire Str-2 Int+6 SInv Stlth+}
MPRegen 0.11/turn

%: faith
@: about to teleport
A: no striking features
a: no special abilities


You were on level 5 of the Dungeon.
You visited 1 branch of the dungeon, and saw 5 of its levels.

You collected 151 gold pieces.


   Skills:
 - Level 2.0 Fighting
 - Level 11.0 Ranged Weapons
 + Level 1.0 Armour
 - Level 2.4 Dodging
 - Level 1.2 Stealth


You had 6 spell levels left.
You didn't know any spells.
Your spell library was empty.

Inventory:

Hand Weapons
 Y - a +0 shortbow (weapon)
Armour
 f - +0 ice dragon scales (worn)
 l - a +0 cloak (worn)
 q - a +0 scale mail
Jewellery
 d - an amulet of regeneration
 e - an amulet of faith (around neck)
 i - a +4 ring of slaying (left hand) {mikee}
 j - a ring of fire
 o - the ring "Nakhuuf" (right hand) {Fire Str-2 Int+6 SInv Stlth+}
   (You found it on level 3 of the Dungeon)

   [ring of fire]

   It enhances your fire magic.
   Str:       It affects your strength (-2).
   Int:       It affects your intelligence (+6).
   rF:        It protects you from fire.
   rC:        It makes you vulnerable to cold.
   SInv:      It lets you see invisible.
   Stlth:     It makes you more stealthy.
Scrolls
 a - a scroll of identify
 h - a scroll of teleportation
Potions
 b - a potion of might
 g - 3 potions of curing
 k - a potion of mutation {unknown}
 n - a potion of resistance

Dungeon Overview and Level Annotations

Branches:
Dungeon (5/15)
 Temple: D:4-7

Altars:

Shops:
D:3 :

Annotations:
D:3 1 runed translucent door, Crazy Yiuf
D:5 Edmund


Message History

You shoot an arrow. The arrow hits Edmund.
Edmund is heavily wounded.
Edmund hits you with a +5 flail of protection.
You shoot an arrow.
The arrow hits Edmund but does no damage.
Edmund is heavily wounded.
Edmund gestures with his flail.
Edmund hits you with a +5 flail of protection.
Edmund hits you but does no damage.
You shoot an arrow.
The arrow hits Edmund but does no damage.
Edmund is heavily wounded.
Edmund hits you with a +5 flail of protection.
You shoot an arrow. The arrow hits Edmund.
Edmund is heavily wounded.
Edmund hits you with a +5 flail of protection.
3472 ||| READING 3 scrolls of teleportation.
As you read the scroll of teleportation, it crumbles to dust.
You feel strangely unstable. Edmund barely misses you.
You shoot an arrow. The arrow hits Edmund!
Edmund is severely wounded.
Edmund says, "You wouldn't believe how much I paid for this flail."
Edmund hits you with a +5 flail of protection.
Edmund completely misses you.
You shoot an arrow. The arrow hits Edmund.
Edmund is severely wounded.
Your surroundings suddenly seem different.
An orc wizard, 2 orcs and an orc priest come into view.
The orc wizard is wielding a +0 dagger and wearing a +1 robe of fire resistance.
The orc priest shouts!
An iguana comes into view.
Enter note:
3475 ||| READING 2 scrolls of teleportation.
As you read the scroll of teleportation, it crumbles to dust.
You feel strangely unstable.
The orc shouts! x2
The orc priest calls down the wrath of Beogh upon you.
Beogh smites you!
You die...

..# ...##
#.# ####
### #..
### ## ##
.. . ##
.##. ..
..#
#.#.###.#
#..@....#
###.#####
#o# ...
... ..o..
..o..
....o..


You could see an orc priest, an orc wizard (wandering) and 2 orcs.

Vanquished Creatures
  An ice beast (D:5)
  A black bear (D:4)
  An ogre (D:5)
  A scorpion (D:4)
  A howler monkey (D:4)
  A hound (D:4)
  An iguana (D:5)
  4 gnolls (D:2)
  5 adders
  A worm (D:2)
  3 dart slugs
  7 orcs (D:4)
  6 ball pythons
  5 bats
  4 endoplasms
  4 giant cockroaches
  5 hobgoblins
  3 jackals (D:1)
  7 kobolds
  4 quokkas
  8 frilled lizards
  6 goblins
  4 rats
83 creatures vanquished.

Notes
Turn   | Place    | Note
-------+----------+-------------------------------------------
     0 | D:1      | qw the Deep Elf Hunter began the quest for the Orb.
     0 | D:1      | Reached XP level 1. HP: 12/12 MP: 3/3
     0 | D:1      | 0 ||| qw: Version: 0.3-a-22-g0ed2b0b
     0 | D:1      | 0 ||| qw: Game counter: 6394
     0 | D:1      | 0 ||| qw: Melee chars always use a shield: true
     0 | D:1      | 0 ||| qw: God list: Okawaru
     0 | D:1      | 0 ||| qw: Allow faded altars: false
     0 | D:1      | 0 ||| qw: Do Orc after clearing Dungeon:15 true
     0 | D:1      | 0 ||| qw: Do second Lair branch before Depths: true
     0 | D:1      | 0 ||| qw: Lair rune preference: random
     0 | D:1      | 0 ||| qw: Goals: Normal
     0 | D:1      | 0 ||| PLANNING D:1-11
   266 | D:1      | Reached XP level 2. HP: 16/16 MP: 4/4
   274 | D:1      | Reached skill level 6 in Ranged Weapons
   798 | D:1      | 798 ||| UPGRADING to +0 cloak.
   803 | D:1      | 803 ||| UPGRADING to amulet of faith.
   808 | D:1      | 808 ||| DROPPING amulet of magic regeneration.
   809 | D:1      | 809 ||| UPGRADING to +4 ring of slaying {mikee}.
   810 | D:1      | 810 ||| READING 4 scrolls labelled BEDIVU AWAOQ.
   811 | D:1      | 811 ||| READING scroll labelled SATSIOCS DUKKAGU.
   812 | D:1      | 812 ||| READING scroll labelled ECKIGE QUUBBA.
   813 | D:1      | 813 ||| READING scroll labelled GANONL YMNOG.
   814 | D:1      | 814 ||| READING 3 scrolls of identify.
   814 | D:1      | 814 ||| IDENTIFYING amethyst potion
   815 | D:1      | 815 ||| DROPPING scroll of butterflies.
   862 | D:2      | Reached XP level 3. HP: 20/20 MP: 5/5
   971 | D:2      | Reached skill level 7 in Ranged Weapons
   987 | D:2      | HP: 1/20 [gnoll/+0 flail (6)]
   989 | D:2      | Reached XP level 4. HP: 2/25 MP: 6/6
   989 | D:2      | 989 ||| FLEEEEING.
   990 | D:2      | 990 ||| FLEEEEING.
  1398 | D:2      | Reached skill level 8 in Ranged Weapons
  1529 | D:2      | 1529 ||| UPGRADING to +0 ice dragon scales.
  1539 | D:2      | 1539 ||| UPGRADING to ring of fire.
  1540 | D:2      | 1540 ||| READING scroll labelled ORROEH BOYNUDO.
  1541 | D:2      | 1541 ||| READING scroll labelled KEDAHO CIBLOA.
  1545 | D:2      | 1545 ||| READING 4 scrolls of identify.
  1545 | D:2      | 1545 ||| IDENTIFYING clear potion
  1546 | D:2      | 1546 ||| READING 3 scrolls of identify.
  1546 | D:2      | 1546 ||| IDENTIFYING sapphire potion
  1547 | D:2      | 1547 ||| DROPPING potion of attraction.
  1688 | D:3      | Found Zoupar's Book Shop.
  1944 | D:3      | Reached skill level 1 in Armour
  1975 | D:3      | Found a runed translucent door.
  1976 | D:3      | Noticed Crazy Yiuf
  2005 | D:3      | Identified the ring "Nakhuuf" {Fire Str-2 Int+6 SInv
                  | Stlth+}
  2132 | D:3      | 2132 ||| DROPPING ring of wizardry.
  2133 | D:3      | 2133 ||| UPGRADING to ring "Nakhuuf" {Fire Str-2 Int+6 SInv
                  | Stlth+}.
  2135 | D:3      | 2135 ||| READING scroll labelled NIT ATIKHLE.
  2136 | D:3      | 2136 ||| READING 2 scrolls of identify.
  2136 | D:3      | 2136 ||| IDENTIFYING fizzy coppery potion
  2138 | D:3      | 2138 ||| Stepping ~*~*~tactically~*~*~ (cloud).
  2143 | D:3      | HP: 6/25 [poisoned by you (poison gas)]
  2331 | D:4      | Reached XP level 5. HP: 29/29 MP: 7/7
  2488 | D:4      | Noticed a black bear
  2493 | D:4      | Killed a black bear
  2494 | D:4      | Reached skill level 9 in Ranged Weapons
  2552 | D:4      | Reached XP level 6. HP: 28/35 MP: 8/8
  2976 | D:4      | 2976 ||| DROPPING +0 leather armour.
  2977 | D:4      | 2977 ||| DROPPING +0 leather armour of willpower.
  2978 | D:4      | 2978 ||| READING scroll labelled JYTEPA XAT.
  2979 | D:4      | 2979 ||| DRINKING 2 fuming ruby potions.
  2984 | D:4      | 2984 ||| STAIRDANCE
  3122 | D:3      | 3122 ||| DROPPING potion of berserk rage.
  3196 | D:5      | Entered Level 5 of the Dungeon
  3204 | D:5      | Noticed an ice beast
  3213 | D:5      | Killed an ice beast
  3214 | D:5      | Reached skill level 10 in Ranged Weapons
  3274 | D:5      | Reached XP level 7. HP: 16/40 MP: 9/9
  3405 | D:5      | Reached skill level 11 in Ranged Weapons
  3461 | D:5      | Noticed Edmund
  3471 | D:5      | HP: 10/40 [Edmund/+5 flail of protection (6)]
  3472 | D:5      | 3472 ||| READING 3 scrolls of teleportation.
  3475 | D:5      | 3475 ||| READING 2 scrolls of teleportation.
  3475 | D:5      | Killed from afar by an orc priest

Levels and vault maps discovered:
D:1:      minmay_arrival_plants_in_alcoves, layout_loops_corners
D:2:      layout_basic, minmay_indecisive_spiral
D:3:      layout_loops_ring, serial_shops, shop, uniq_crazy_yiuf_cottage
D:4:      layout_basic
D:5:      layout_loops_cross, uniq_edmund

Skill      XL: |  1  2  3  4  5  6  7 |
---------------+----------------------+-----
Ranged Weapons | 6 7 8 9 10 11 | 11.0
Armour         | 1 |  1.0
Fighting       | 2 |  2.0
Dodging        | |  2.4
Stealth        | |  1.2

Action                     |  1- 3 |  4- 6 |  7- 9 || total
---------------------------+-------+-------+-------++-------
   Fire: Shortbow          |    68 |   127 |    16 ||   211
    Use: Scroll            |     5 |     7 |     2 ||    14
         Potion            |       |     1 |       ||     1
 Armour: Leather armour    |     5 |     2 |       ||     7
         Ice dragon scales |       |    17 |     1 ||    18
  Dodge: Dodged            |     9 |    20 |     2 ||    31

Table legend:
 A = Non-vault XP
 B = Vault XP
 C = Vault XP percentage of total XP
 D = Non-vault monster count
 E = Vault monster count
 F = Vault count percentage of total count
                 A         B        C        D         E       F
            +---------+---------+-------+---------+---------+-------
      Total |     825 |       8 |   1.0 |      79 |       4 |   4.8
            +---------+---------+-------+---------+---------+-------
        D:1 |      31 |       0 |   0.0 |      18 |       0 |   0.0
        D:2 |     118 |       8 |   6.3 |      18 |       4 |  18.2
        D:3 |      36 |       0 |   0.0 |      20 |       0 |   0.0
        D:4 |     344 |       0 |   0.0 |      19 |       0 |   0.0
        D:5 |     296 |       0 |   0.0 |       4 |       0 |   0.0
            +---------+---------+-------+---------+---------+-------
